 Dungeon Crawl Stone Soup version 0.29.1-15-g9cfb28693d (webtiles) character file.

Game seed: 10218869158675234736

110 protoss039 the Digger (level 4, 33/33 HPs)
             Began as a Demonspawn Earth Elementalist on Mar 15, 2023.
             Got out of the dungeon alive.
             The game lasted 00:02:43 (3199 turns).

protoss039 the Digger (DsEE)                        Turns: 3199, Time: 00:02:44

Health: 33/33      AC:  4    Str:  8    XL:     4   Next: 61%
Magic:  8/8        EV: 11    Int: 18    God:
Gold:   147        SH:  0    Dex: 14    Spells: 2/8 levels left

rFire   . . .      SeeInvis .   c - +1 spear (venom)
rCold   . . .      Faith    .   (no shield)
rNeg    . . .      Spirit   .   l - +0 leather armour
rPois   .          Reflect  .   (no helmet)
rElec   .          Harm     .   (no cloak)
rCorr   .          Rampage  .   k - +0 pair of gloves
Will    .....                   (no boots)
Stlth   ++........              (no amulet)
HPRegen 0.11/turn               g - ring of wizardry
MPRegen 0.11/turn               (no ring)

@: no status effects
A: demonic guardian 1, weakness stinger 1
a: no special abilities


You escaped.
You visited 1 branch of the dungeon, and saw 3 of its levels.

You collected 147 gold pieces.

Inventory:

Hand Weapons
 c - a +1 spear of venom (weapon)
 d - a +2 short sword of draining
Armour
 k - a +0 pair of gloves (worn)
 l - a +0 leather armour (worn)
Jewellery
 g - a ring of wizardry (left hand)
Scrolls
 a - a scroll of vulnerability {unknown}
 f - 3 scrolls of identify {unknown}
 i - a scroll of silence {unknown}
Potions
 b - a potion of magic
 e - a potion of degeneration {unknown}
 h - 2 potions of mutation {unknown}
 j - 3 potions of curing {unknown}
 m - a potion of ambrosia {unknown}
 n - a potion of invisibility {unknown}
 o - a potion of heal wounds {unknown}


   Skills:
 + Level 2.1 Fighting
 * Level 0.7 Armour
 - Level 1.7 Dodging
 - Level 1.7 Stealth
 + Level 2.9 Spellcasting
 + Level 0.4 Conjurations
 - Level 0.8 Transmutations
 + Level 3.5 Earth Magic


You had 2 spell levels left.
You knew the following spells:

 Your Spells              Type           Power      Damage    Failure   Level
a - Sandblast             Erth           30%        2d9       2%          1
b - Passwall              Tmut/Erth      8%         N/A       6%          2
c - Stone Arrow           Conj/Erth      18%        3d8       12%         3

Your spell library contained the following spells:

 Spells                   Type           Power      Damage    Failure   Level
 Blink                    Tloc           4%         N/A       14%         2
 Lesser Beckoning         Tloc           2%         N/A       26%         3
 Tukima's Dance           Hex            2%         N/A       26%         3
 Petrify                  Tmut/Erth      10%        N/A       34%         4
 Passage of Golubria      Tloc           2%         N/A       65%         4
 Yara's Violent Unravell  Hex/Tmut       2%         3d3       88%         5
 Manifold Assault         Tloc           2%         N/A       92%         5


Dungeon Overview and Level Annotations

Branches:
Dungeon (3/15) Zot: 14779

Altars:
Dithmenos


Innate Abilities, Weirdness & Mutations

A weak demonic guardian rushes to your aid.
You have a small tail.


Message History

The orc barely misses you. The orc closely misses you.
Unknown command.
You hit the orc.
You kill the orc!
Unknown command.
Unknown command.
No target in view!
Your ufetubus disappears in a puff of smoke!
Items here: )))) [[ †.
Items here: )))) [[ †.
You see here a +0 whip.
You see here a +0 ring mail.
Key pressed, stopping explore.
You now have 147 gold pieces (gained 18).
Key pressed, stopping explore.
No target in view!
Done exploring.
Done exploring.
No target in view!
Done exploring.
No target in view!
Done exploring.
No target in view!
Done exploring.
Search for what [Enter for "."]? .
(D) Dungeon
Where to? (Enter - D:2 @ (x,y), ? - help)
What level of the Dungeon? (default 1, ? - help)
You see here a +0 flail.
There is a stone staircase leading up here.
You climb upwards.
There is a stone staircase leading down here.
There is a stone staircase leading up here.
You climb upwards.
There is a stone staircase leading down here.
You see here a +0 dagger.
There is an empty arch of ancient stone here.
There is a staircase leading out of the dungeon here.
Are you sure you want to leave the Dungeon?
This will make you lose the game!
You have escaped!

.......# #.# #..)># #. .#######
#.# ##..)#####. .# #.# ###.......
.# ######.### #.###### .#
##........# #.# .# ##.......#.#
#.##### .### #....∩.....# #.....#
...# #..........# #####.# ##.#
#....@.....# #.# ##.####
###....>.....# #.## ......#
#....⌠...⌠..## #..(
##.##.####.#.........# #.##
##.##...............## #.#
...##..#####.#.#..############.##
#####..#####.#.............##....
# #............#########.##..## #
###...........# #>##..#


There were no monsters in sight!

Vanquished Creatures
  4 adders
  A worm (D:2)
  3 dart slugs
  5 orcs (D:3)
  3 bats
  7 endoplasms
  8 giant cockroaches
  6 goblins
  A hobgoblin (D:1)
  3 jackals (D:1)
  4 quokkas
  4 ball pythons
  5 kobolds
54 creatures vanquished.

Notes
Turn   | Place    | Note
-------+----------+-------------------------------------------
     0 | D:1      | protoss039 the Demonspawn Earth Elementalist began the
                  | quest for the Orb.
     0 | D:1      | Reached XP level 1. HP: 13/13 MP: 3/3
   293 | D:1      | Gained mutation: A weak demonic guardian rushes to your
                  | aid. [demonic ancestry]
   293 | D:1      | Reached XP level 2. HP: 5/17 MP: 5/5
   670 | D:1      | Reached skill level 1 in Fighting
   671 | D:1      | Reached skill level 3 in Earth Magic
   947 | D:1      | Found a faded altar of an unknown god.
  1076 | D:1      | Gained mutation: You have a small tail. [demonic ancestry]
  1076 | D:1      | Reached XP level 3. HP: 22/26 MP: 6/6
  1637 | D:2      | Found a shadowy altar of Dithmenos.
  1864 | D:2      | Reached XP level 4. HP: 30/33 MP: 8/8
  2147 | D:2      | Learned a level 2 spell: Passwall
  2151 | D:2      | Learned a level 3 spell: Stone Arrow
  3199 | D:$      | Got out of the dungeon alive.

Illustrated notes

Levels and vault maps discovered:
D:1:      wander_arrival_desolate, layout_loops_ring,
          hellmonk_ecumenical_altar_crossroads
D:2:      layout_rooms, basic_altar, minivault_19, minmay_misc_feat_nine_boxes
D:3:      layout_basic

Skill      XL: |  1  2  3 |
---------------+----------+-----
Fighting       | 1 2 |  2.1
Earth Magic    | 3 |  3.5
Armour         | |  0.7
Dodging        | |  1.7
Stealth        | |  1.7
Spellcasting   | |  2.9
Conjurations   | |  0.4
Transmutations | |  0.8

Action                   |  1- 3 |  4- 6 || total
-------------------------+-------+-------++-------
Melee: Spear             |    81 |    18 ||    99
       Tailslap          |     3 |     2 ||     5
 Cast: Sandblast         |    10 |    17 ||    27
 Stab: Sleeping          |    11 |     2 ||    13
Armor: Robe              |     3 |       ||     3
       Leather armour    |       |     6 ||     6
Dodge: Dodged            |    33 |    12 ||    45
